 Dungeon Crawl Stone Soup version 0.30.2 (webtiles) character file.

Game seed: 14072112078728935413

3327 porpoise the Cleaver (level 9, -4/72 HPs)
             Began as a Demonspawn Gladiator on Apr 14, 2024.
             Was a Believer of Uskayaw.
             Asphyxiated
             ... on level 9 of the Dungeon.
             The game lasted 00:21:28 (9211 turns).

porpoise the Cleaver (Demonspawn Gladiator)         Turns: 9211, Time: 00:21:28

Health: -4/72      AC: 16    Str: 19    XL:     9   Next: 71%
Magic:  9/9        EV: 12    Int:  9    God:    Uskayaw [**....]
Gold:   429        SH:  5    Dex: 15    Spells: 8/8 levels left

rFire   . . .        a - +0 war axe
rCold   . . .        (no shield)
rNeg    . . .        m - +0 ring mail
rPois   +            p - +1 helmet
rElec   .            r - +0 cloak
rCorr   .            i - +2 pair of gloves
SInv    .            q - +0 pair of boots
Will    +....        x - amulet of reflection
Stlth   +            k - ring of poison resistance
HPRegen 0.32/turn    c - ring of willpower
MPRegen 0.22/turn

%: reflection
@: no status effects
A: claws 1, icy blue scales 2, magic regeneration, demonic magic 2
a: Renounce Religion, Stomp, Line Pass


You were on level 9 of the Dungeon.
You worshipped Uskayaw.
Uskayaw was noncommittal.
You visited 2 branches of the dungeon, and saw 10 of its levels.

You collected 429 gold pieces.

Inventory:

Hand Weapons
 a - a +0 war axe (weapon)
 b - a +0 sling
 t - a +0 trident
 I - the +3 dagger of the Scavenger {freeze, Fragile rC+++ rN+ rCorr}
   (You found it on level 9 of the Dungeon)

   rC:        It renders you almost immune to cold.
   rN:        It protects you from negative energy.
   rCorr:     It protects you from acid and corrosion.
   Fragile:   It will be destroyed if unequipped.
Missiles
 d - 3 throwing nets (quivered)
 e - a javelin
 h - 9 poisoned darts
 C - 5 boomerangs
 N - a curare-tipped dart
Armour
 i - a +2 pair of gloves (worn)
 m - a +0 ring mail (worn)
 p - a +1 helmet (worn)
 q - a +0 pair of boots (worn)
 r - a +0 cloak (worn)
 J - the +1 Delatra's gloves {ID++}
   (You found it on level 6 of the Dungeon)

   ID++:      It heals its wearer when they drink unknown potions, and restores
   their MP when they read unknown scrolls.
 O - the +0 swamp dragon scales of the Eternal Void {Harm rPois rN+}
   (You found it on level 7 of the Dungeon)

   rPois:     It protects you from poison.
   rN:        It protects you from negative energy.
   Harm:      It increases damage dealt and taken.
Jewellery
 c - a ring of willpower (right hand)
 k - a ring of poison resistance (left hand)
 x - an amulet of reflection (around neck)
 B - a +6 ring of intelligence
 F - a ring of magical power
 P - a ring of see invisible
Wands
 y - a wand of paralysis (20)
 A - a wand of digging (7)
Scrolls
 f - 9 scrolls of teleportation
 l - 3 scrolls of amnesia {unknown}
 n - a scroll of enchant weapon {unknown}
 s - a scroll of enchant armour {unknown}
 K - 2 scrolls of immolation
 L - 2 scrolls of fear {unknown}
Potions
 g - a potion of curing
 j - a potion of resistance
 o - 2 potions of lignification
 u - 2 potions of mutation
 v - a potion of attraction
 w - 2 potions of magic
 z - 2 potions of invisibility
 D - a potion of brilliance
 E - a potion of flight
 G - 7 potions of heal wounds
 H - a potion of cancellation
 M - a potion of haste {unknown}
 Q - a potion of ambrosia {unknown}


   Skills:
 - Level 7.0 Fighting
 + Level 9.1 Axes
 - Level 1.7 Throwing
 + Level 3.1 Armour
 + Level 4.3 Dodging
 + Level 4.8 Unarmed Combat


You had 8 spell levels left.
You didn't know any spells.
Your spell library contained the following spells:

 Spells                   Type           Power      Damage    Failure   Level
 Sting                    Tmut/Pois      0%         1d3       56%         1
 Poisonous Vapours        Pois/Air       0%         N/A       71%         2
 Sublimation of Blood     Necr           0%         N/A       71%         2
 Olgreb's Toxic Radiance  Pois           0%         N/A       100%        4
 Petrify                  Tmut/Erth      0%         N/A       100%        4
 Summon Lightning Spire   Summ/Air       0%         N/A       100%        4
 Irradiate                Conj/Tmut      0%         3d11      100%        5
 Storm Form               Tmut/Air       0%         N/A       100%        7
 Maxwell's Capacitive Co  Air            0%         ∞         100%        8


Dungeon Overview and Level Annotations

Branches:
Dungeon (9/15)             Temple (1/1) D:5            Lair (0/5) D:8
    Orc: D:9-12

Altars:
Ashenzari
Cheibriados
Dithmenos
Fedhas
Gozag
Hepliaklqana
Makhleb
Nemelex Xobeh
Okawaru
Qazlal
Trog
Uskayaw
Wu Jian
Xom
Yredelemnul

Shops:
D:3 (

Annotations:
D:5 2 transporters, occam's ghost, amateur MfGl
D:7 3 runed translucent doors, ritesign's ghost, novice DECj
D:9 Amaemon


Innate Abilities, Weirdness & Mutations

You have sharp fingernails.
You are mostly covered in icy blue scales. (AC +3)
You regenerate magic rapidly.
Spells you cast may paralyse nearby enemies.


Message History

The orange demon seems to grow toxic.
You hear an angry buzzing noise.
The killer bee stings you.
You closely miss the killer bee.
The killer bee stings you but does no damage.
You block the killer bee's attack.
Amaemon points at the killer bee and mumbles some strange words.
The killer bee seems to grow toxic.
You miss the killer bee. You block the killer bee's attack.
The killer bee completely misses you. The orange demon stings you from afar.
Amaemon zaps a wand.
You easily resist.
You barely miss the killer bee. You block the killer bee's attack.
The killer bee misses you.
The orange demon stings you but does no damage.
Amaemon zaps a wand.
Your mind is blasted!
You slash the killer bee!
The killer bee is heavily wounded.
The killer bee stings you but does no damage. x2
You block the orange demon's attack.
Amaemon zaps a wand.
Your mind is blasted!
The killer bee stings you.
* * * LOW HITPOINT WARNING * * *
You block the killer bee's attack.
Amaemon mumbles some strange words.
The orange demon stings you!
* * * LOW HITPOINT WARNING * * *
The orange demon hits you but does no damage.
You slash the orange demon!
The orange demon is moderately wounded.
You closely miss the killer bee.
The killer bee stings you but does no damage. x2
The orange demon stings you.
* * * LOW HITPOINT WARNING * * *
The orange demon hits you but does no damage.
You can now pass through a line of other dancers.
You slash the orange demon!
The orange demon is heavily wounded.
You hit the killer bee. The killer bee stings you.
* * * LOW HITPOINT WARNING * * *
You have difficulty breathing.
You die...

... .........# .. ..
########.# ..
.#############.# ..
..............# .#
#ss...........#
.#############6............#
...........................#
................4..........#
.########.......@..........#
.# #......y....<......#
.########..................#
...........................#
############################


You could see Amaemon, an orange demon (curare), 2 scorpions and a killer bee
(curare).

Vanquished Creatures
  Pikel (D:4)
  A hornet (D:8)
  Sigmund (D:2)
  3 wargs (D:8)
  2 sky beasts (D:7)
  An ice beast (D:5)
  3 ogres
  3 black bears
  2 centaurs
  A lemure (D:4)
  A kobold brigand (D:7)
  2 bullfrogs
  4 scorpions
  3 hounds
  7 orc priests
  2 sleepcaps (D:6)
  4 iguanas
  4 orc wizards
  Robin (D:2)
  5 adders
  2 shadow imps
  2 white imps (D:7)
  An ufetubus (D:7)
  4 worms
  4 dart slugs
  37 orcs
  3 endoplasms (D:1)
  6 giant cockroaches
  19 goblins
  11 hobgoblins
  8 jackals
  3 quokkas
  11 ball pythons
  6 bats
  3 frilled lizards
  7 kobolds
  7 rats
185 creatures vanquished.

Notes
Turn   | Place    | Note
-------+----------+-------------------------------------------
     0 | D:1      | porpoise the Demonspawn Gladiator began the quest for the
                  | Orb.
     0 | D:1      | Reached XP level 1. HP: 16/16 MP: 1/1
    60 | D:1      | Reached skill level 3 in Axes
   108 | D:1      | Gained mutation: You are partially covered in icy blue
                  | scales. (AC +2) [demonic ancestry]
   108 | D:1      | Reached XP level 2. HP: 22/22 MP: 2/2
   563 | D:1      | Gained mutation: You regenerate magic rapidly. [demonic
                  | ancestry]
   563 | D:1      | Reached XP level 3. HP: 27/28 MP: 3/3
  1060 | D:2      | Found a faded altar of an unknown god.
  1093 | D:2      | Noticed Sigmund
  1127 | D:2      | Killed Sigmund
  1128 | D:2      | Reached skill level 4 in Axes
  1128 | D:2      | Gained mutation: Spells you cast may paralyse adjacent
                  | enemies. [demonic ancestry]
  1128 | D:2      | Reached XP level 4. HP: 9/36 MP: 4/4
  1128 | D:2      | Gained mutation: Spells you cast may paralyse nearby
                  | enemies. [demonic ancestry]
  1128 | D:2      | Reached XP level 5. HP: 11/41 MP: 5/5
  1412 | D:2      | Reached skill level 5 in Axes
  1483 | D:2      | Noticed Robin
  1496 | D:2      | Killed Robin
  1669 | D:2      | Reached XP level 6. HP: 48/48 MP: 6/6
  2275 | D:3      | Found a bloodstained altar of Trog.
  2709 | D:3      | Found Fasti's Antique Weapon Boutique.
  3390 | D:4      | Found a snail-covered altar of Cheibriados.
  3480 | D:4      | Reached skill level 6 in Axes
  3602 | D:4      | Noticed Pikel
  3628 | D:4      | Killed Pikel
  3629 | D:4      | Reached skill level 5 in Fighting
  3629 | D:4      | Reached skill level 7 in Axes
  3629 | D:4      | Reached XP level 7. HP: 30/56 MP: 7/7
  4160 | D:4      | Found an iron altar of Okawaru.
  4361 | D:5      | Entered Level 5 of the Dungeon
  4474 | D:5      | Gained mutation: You have sharp fingernails. [demonic
                  | ancestry]
  4474 | D:5      | Reached XP level 8. HP: 55/63 MP: 8/8
  4585 | D:5      | Found a staircase to the Ecumenical Temple.
  4595 | Temple   | Entered the Ecumenical Temple
  4737 | D:5      | Reached skill level 1 in Unarmed Combat
  5086 | D:5      | Found a transporter.
  5090 | D:5      | Noticed occam's ghost (amateur MfGl)
  5111 | D:5      | Found a transporter.
  5159 | D:5      | Reached skill level 8 in Axes
  5613 | D:6      | Found the +1 Delatra's gloves {ID++}
  6268 | D:6      | Found a burning altar of Makhleb.
  6754 | D:7      | Gained mutation: You are mostly covered in icy blue scales.
                  | (AC +3) [demonic ancestry]
  6754 | D:7      | Reached XP level 9. HP: 68/72 MP: 9/9
  6870 | D:7      | Found an opulent altar of Gozag.
  6922 | D:7      | Reached skill level 1 in Armour
  7171 | D:7      | Identified the +0 swamp dragon scales of the Eternal Void
                  | {Harm rPois rN+}
  7289 | D:7      | Found a runed translucent gate.
  7289 | D:7      | Found a runed translucent gate.
  7290 | D:7      | Noticed ritesign's ghost (novice DECj)
  7291 | D:7      | Found a runed translucent gate.
  7613 | D:8      | Found a staircase to the Lair.
  7993 | D:8      | Reached skill level 9 in Axes
  8220 | D:8      | Found a hide-covered altar of Uskayaw.
  8227 | D:8      | Became a worshipper of Uskayaw the Reveller
  8250 | D:8      | Reached * piety under Uskayaw
  8253 | D:8      | Reached ** piety under Uskayaw
  8572 | D:8      | Found a blossoming altar of Fedhas.
  8572 | D:8      | Found a shadowy altar of Dithmenos.
  8611 | D:8      | Found an ornate altar of the Wu Jian Council.
  8662 | D:8      | Found a sparkling altar of Nemelex Xobeh.
  8971 | D:9      | Identified the +3 dagger of the Scavenger {freeze, Fragile
                  | rC+++ rN+ rCorr}
  8994 | D:9      | Noticed a troll
  9202 | D:9      | Noticed an orange demon
  9202 | D:9      | Noticed Amaemon
  9211 | D:9      | Asphyxiated

Illustrated notes

Levels and vault maps discovered:
D:1:      eino_arrival_cavern_d, layout_basic, minmay_misc_feat_room
D:2:      kennysheep_six_static_rooms, layout_basic,
          hellmonk_ecumenical_altar_lost_god,
          wander_ebering_terrifying_dragon_lair, uniq_sigmund, uniq_robin
D:3:      layout_loops_corners, trog_butcher_becter,
          nicolae_tso_swordbearing_angel, serial_shops, nicolae_shop_stone
D:4:      layout_loops_ring, lemuel_round_altar, mainiacjoe_overflow_paths,
          uniq_pikel
D:5:      layout_loops_ring, minmay_temple_entry_statues, gammafunk_ghost_arena,
          feat_on_display
D:6:      layout_basic, lightli_temple_of_fire
D:7:      layout_basic, kennysheep_little_box, gammafunk_ghost_necromancy
D:8:      minmay_general_purpose_star, layout_basic,
          nicolae_uskayaw_murder_on_the_dancefloor,
          nemelex_diamond_rough_becter, gammafunk_temple_overflow_forgotten,
          erik_lair_orcish_takeover
D:9:      layout_long_grid, grunt_temple_overflow_magic_moments,
          mainiacjoe_overflow_cross_hatched, serial_glass, glass_columns_c,
          glass_columns_a, nicolae_benzene_ring, minmay_misc_feat_alley,
          minmay_fractal_squares_diagonal_5, uniq_maggie, uniq_amaemon,
          uniq_grum
Temple:   nicolae_temple_two_arcs

Skill      XL: |  1  2  3  4  5  6  7  8  9 |
---------------+----------------------------+-----
Axes           | 3 4 5 7 8 9 |  9.1
Fighting       | 3 5 7 |  7.0
Unarmed Combat | 3 4 |  4.8
Armour         | 3 |  3.1
Dodging        | 4 |  4.3
Throwing       | |  1.7

Action                     |  1- 3 |  4- 6 |  7- 9 || total
---------------------------+-------+-------+-------++-------
  Melee: War axe           |   111 |   209 |   394 ||   714
         Punch             |     1 |     3 |     7 ||    11
   Fire: Sling             |       |     3 |       ||     3
    Use: Scroll            |     3 |     1 |    11 ||    15
         Potion            |       |     1 |     4 ||     5
   Stab: Sleeping          |     1 |       |       ||     1
 Armour: Leather armour    |    42 |       |       ||    42
         Ring mail         |    10 |   149 |   230 ||   389
  Dodge: Dodged            |    88 |   154 |   173 ||   415
  Block: Other             |       |    23 |    79 ||   102
         Reflection        |       |       |     3 ||     3
